 Dungeon Crawl Stone Soup version 0.19-a0-607-g42021f0 (webtiles) character file.

9746 georgeearnest the Cleaver (level 11, -4/97 HPs)
             Began as a Hill Orc Fighter on June 12, 2016.
             Was a Follower of Beogh.
             Slain by a five-headed hydra (7 damage)
             ... on level 10 of the Dungeon.
             The game lasted 00:16:43 (13473 turns).

georgeearnest the Cleaver (Hill Orc Fighter)       Turns: 13473, Time: 00:16:43

Health: -4/97      AC: 11    Str: 21    XL:     11   Next: 51%
Magic:  9/9        EV:  5    Int:  8    God:    Beogh [*.....]
Gold:   0          SH: 11    Dex: 10    Spells: 0 memorised, 10 levels left

rFire  . . .     SeeInvis .     a - +0 war axe
rCold  . . .     Gourm    .     b - +0 scale mail
rNeg   . . .     Faith    .     c - +0 shield
rPois  .         Spirit   .     (no helmet)
rElec  .         Dismiss  .     k - +0 cloak (curse)
rCorr  .         Reflect  .     f - +0 pair of gloves
SustAt .         Harm     .     (no boots)
MR     .....                    (no amulet)
Stlth  ..........               (no ring)
                                (no ring)

@: heavily drained, not resistant to hostile enchantments, extremely unstealthy
A: blurry vision 1, low mp 1, weak 1
a: Renounce Religion


You were on level 10 of the Dungeon.
You worshipped Beogh.
Beogh was aware of your devotion.
You were not hungry.

You visited 1 branch of the dungeon, and saw 10 of its levels.

Inventory:

Hand Weapons
 a - a +0 war axe (weapon)
Armour
 b - a +0 scale mail (worn)
 c - a +0 shield (worn)
 f - a +0 pair of gloves (worn)
 k - a cursed +0 cloak (worn)
Wands
 w - a wand of random effects (24/48)
 A - a wand of disintegration (7/24)
 F - a wand of confusion (22/48)
Scrolls
 e - 2 scrolls of recharging {unknown}
 g - 4 scrolls of enchant weapon {unknown}
 h - 8 scrolls of identify {unknown}
 i - a scroll of immolation {unknown}
 m - 5 scrolls of enchant armour {unknown}
 p - a scroll of magic mapping {unknown}
 q - 2 scrolls of noise {unknown}
 r - a scroll of torment {unknown}
 s - a scroll of fog {unknown}
 t - 2 scrolls of amnesia {unknown}
 v - 3 scrolls of teleportation {unknown}
 z - a scroll of brand weapon {unknown}
 C - 3 scrolls of remove curse {unknown}
Potions
 d - 3 potions of might
 n - a potion of brilliance
Books
 j - a book of Battle

   Spells                             Type                      Level
   a - Infusion                       Charms                       1
   b - Shroud of Golubria             Charms/Translocation         2
   c - Song of Slaying                Charms                       2
   d - Spectral Weapon                Hexes/Charms                 3
   e - Regeneration                   Charms/Necromancy            3
 l - the Papyrus of Enthralling Flames
   (You found it on level 8 of the Dungeon)

   Spells                             Type                      Level
   a - Flame Tongue                   Conjuration/Fire             1
   b - Ensorcelled Hibernation        Hexes/Ice                    2
   c - Confusing Touch                Hexes                        2
   d - Spectral Weapon                Hexes/Charms                 3
   e - Confuse                        Hexes                        3
   f - Fulminant Prism                Conjuration/Hexes            4
   g - Yara's Violent Unravelling     Hexes/Transmutation          5
Comestibles
 x - a meat ration
 D - 6 beef jerkies


   Skills:
 + Level 9.0(6.2) Fighting
 + Level 11.2(8.3) Axes
 + Level 9.4(6.6) Armour
 + Level 7.0(4.4) Dodging
 + Level 1.6(0.0) Stealth
 + Level 9.0(6.3) Shields


You had 10 spell levels left.
You didn't know any spells.

Dungeon Overview and Level Annotations

Branches:
Dungeon (10/15)            Temple (0/1) D:6            Lair (0/6) D:10
    Orc (0/2) D:9

Altars:
Ashenzari
Cheibriados
Elyvilon
Gozag
Hepliaklqana
Kikubaaqudgha
Makhleb
Nemelex Xobeh
Okawaru
Qazlal
Ru
Sif Muna
Trog
Xom
Yredelemnul
Zin

Shops:
D:6 :   D:8 }   D:9 (

Annotations:
D:10 Maurice


Innate Abilities, Weirdness & Mutations

Scrolls take you a little longer to read.
Your magical capacity is low. (-10% MP)
You are weak. (Str -2)


Message History

You block the five-headed hydra's attack.
The five-headed hydra bites you but does no damage.
There is an open door here.
You see here an arrow.
The five-headed hydra bites you but does no damage.
The five-headed hydra bites you.
* * * LOW HITPOINT WARNING * * *
You block the five-headed hydra's attack.
The five-headed hydra bites you!
* * * LOW HITPOINT WARNING * * *
The five-headed hydra bites you.
* * * LOW HITPOINT WARNING * * *
You see here a giant club.
There is an escape hatch in the ceiling here.
The five-headed hydra bites you but does no damage.
The five-headed hydra bites you!
* * * LOW HITPOINT WARNING * * *
The five-headed hydra bites you but does no damage.
The five-headed hydra bites you!
You die...

...##............#
#..##...#######..#
.................#
'##..............#
..#.........#..#.#
..'.#.......#....#
###..............#
# ##########....D#
# #..##@#
############.....#
.................#
..#...#...#..###.#
.................#
##################


You could see a five-headed hydra.

Vanquished Creatures
  The ghost of TopsideChimera the Zephyrmancer, a novice HEAE of Vehumet (D:10)
  An unseen horror (D:10)
  A hill giant (D:10)
  Pikel (D:6)
  A vampire (D:10)
  Sigmund (D:6)
  The ghost of Amnesiac the Digger, an amateur DEEE (D:5)
  Eustachio (D:5)
  A wyvern (D:10)
  A hippogriff (D:10)
  8 yaks (D:9)
  4 hungry ghosts
  Edmund (D:5)
  A water moccasin (D:6)
  A black bear (D:10)
  3 necrophages
  2 orc warriors
  A sky beast (D:6)
  2 ice beasts
  6 phantoms
  5 ogres
  7 centaurs
  A big kobold (D:9)
  5 giant frogs
  2 scorpions (D:10)
  4 killer bees (D:8)
  A wight (D:10)
  5 howler monkeys
  3 crimson imps (D:9)
  4 centaur zombies
  2 wasp zombies
  5 hounds
  An orc priest (D:10)
  4 jellies
  5 orc wizards
  A giant frog skeleton (D:9)
  2 centaur skeletons
  Ijyb (D:2)
  Natasha (thrice) (D:2)
  9 worker ants
  4 iguanas
  A hound skeleton (D:5)
  A mummy (D:10)
  A howler monkey zombie (D:10)
  2 worker ant zombies (D:7)
  A howler monkey skeleton (D:4)
  12 adders
  10 gnolls
  A shadow imp (D:5)
  2 adder skeletons
  An adder zombie (D:7)
  2 worms
  A dart slug (D:4)
  5 giant geckos
  29 orcs
  3 ball pythons
  4 giant cockroaches
  14 goblins
  8 hobgoblins
  16 jackals
  2 quokkas
  7 bats
  A giant gecko skeleton (D:4)
  4 giant newts
  15 kobolds
  A quokka skeleton (D:7)
  5 rats
262 creatures vanquished.

Vanquished Creatures (others)
  An orc (D:9)
  A withered plant (D:10)
2 creatures vanquished.

Grand Total: 264 creatures vanquished

Notes
Turn   | Place    | Note
--------------------------------------------------------------
     0 | D:1      | georgeearnest the Hill Orc Fighter began the quest for the Orb.
     0 | D:1      | Reached XP level 1. HP: 19/19 MP: 1/1
   242 | D:1      | Reached XP level 2. HP: 20/27 MP: 2/2
   270 | D:1      | Reached skill level 3 in Axes
   430 | D:1      | Reached XP level 3. HP: 33/33 MP: 3/3
  1123 | D:2      | Found a stormy altar of Qazlal.
  1130 | D:2      | Found a basalt altar of Yredelemnul.
  1274 | D:2      | Found a deep blue altar of Sif Muna.
  1277 | D:2      | Noticed Natasha
  1281 | D:2      | Noticed Ijyb
  1284 | D:2      | Killed Natasha
  1284 | D:2      | Reached XP level 4. HP: 26/40 MP: 4/4
  1303 | D:2      | Killed Ijyb
  1303 | D:2      | Reached skill level 1 in Dodging
  1406 | D:2      | Noticed Natasha
  1413 | D:2      | Killed Natasha
  1413 | D:2      | Reached XP level 5. HP: 39/47 MP: 5/5
  1499 | D:2      | Noticed Natasha
  1503 | D:2      | Killed Natasha
  1599 | D:3      | Found a white marble altar of Elyvilon.
  2288 | D:3      | Found a burning altar of Makhleb.
  2288 | D:3      | Noticed a balrug
  2295 | D:3      | Noticed a hellwing
  2295 | D:3      | Noticed an orange demon
  2312 | D:3      | Found a shimmering altar of Xom.
  2376 | D:4      | Reached skill level 4 in Axes
  2552 | D:4      | Reached XP level 6. HP: 51/55 MP: 6/6
  2656 | D:4      | Reached skill level 1 in Stealth
  2668 | D:4      | Found a sparkling altar of Nemelex Xobeh.
  2836 | D:4      | Reached skill level 5 in Armour
  3177 | D:5      | Entered Level 5 of the Dungeon
  3183 | D:5      | Reached skill level 5 in Fighting
  3249 | D:5      | Reached XP level 7. HP: 52/61 MP: 7/7
  3254 | D:5      | Noticed Edmund
  3269 | D:5      | Killed Edmund
  3460 | D:5      | Noticed Amnesiac's ghost (amateur DEEE)
  3465 | D:5      | Reached skill level 5 in Axes
  3683 | D:5      | Killed Amnesiac's ghost
  3683 | D:5      | Reached XP level 8. HP: 69/69 MP: 8/8
  3727 | D:5      | Found a shattered altar of Ashenzari.
  3824 | D:5      | Noticed Eustachio
  3848 | D:5      | Killed Eustachio
  4106 | D:5      | Reached skill level 5 in Shields
  4563 | D:5      | Reached skill level 6 in Axes
  4786 | D:5      | Found a bloodstained altar of Trog.
  4787 | D:5      | Found a glowing silver altar of Zin.
  4789 | D:5      | Found a snail-covered altar of Cheibriados.
  4790 | D:5      | Found a sacrificial altar of Ru.
  4974 | D:6      | Noticed Sigmund
  4996 | D:6      | Killed Sigmund
  5026 | D:6      | Reached skill level 7 in Axes
  5255 | D:6      | Reached XP level 9. HP: 62/75 MP: 9/9
  5273 | D:6      | Found Jirucora's Book Shoppe.
  5309 | D:6      | Found an ancient bone altar of Kikubaaqudgha.
  5367 | D:6      | Found a hazy altar of Hepliaklqana.
  5589 | D:6      | Found a staircase to the Ecumenical Temple.
  5589 | D:6      | Noticed Pikel
  5637 | D:6      | Killed Pikel
  5637 | D:6      | Reached skill level 8 in Axes
  6275 | D:7      | Reached skill level 5 in Dodging
  7002 | D:7      | Gained mutation: Your magical capacity is low. (-10% MP) [potion of mutation]
  7002 | D:7      | Gained mutation: Your mind is acute. (Int +2) [potion of mutation]
  7002 | D:7      | Lost mutation: Your mind is acute. (Int +2) [potion of mutation]
  7741 | D:8      | Identified the Papyrus of Enthralling Flames
  7845 | D:8      | Reached XP level 10. HP: 80/86 MP: 9/9
  7920 | D:8      | Found Silimiu's Gadget Emporium.
  8062 | D:8      | Found an opulent altar of Gozag.
  8427 | D:8      | Reached skill level 9 in Axes
  9361 | D:9      | Found Pasoit's Weapon Boutique.
  9383 | D:9      | Gained mutation: Scrolls take you a little longer to read. [potion of mutation]
  9383 | D:9      | Gained mutation: You are weak. (Str -2) [potion of mutation]
  9607 | D:9      | Found a staircase to the Orcish Mines.
  9641 | D:9      | Found an iron altar of Okawaru.
  9759 | D:9      | Reached skill level 10 in Axes
 10187 | D:9      | Became a worshipper of Beogh the Brigand
 10531 | D:10     | Entered Level 10 of the Dungeon
 10591 | D:10     | Noticed Maurice
 10923 | D:10     | Reached XP level 11. HP: 80/94 MP: 9/9
 10972 | D:10     | Killed an unseen horror
 11350 | D:10     | Found a staircase to the Lair.
 11418 | D:10     | Noticed a hill giant
 11426 | D:10     | Killed a hill giant
 11658 | D:10     | Reached * piety under Beogh
 11860 | D:10     | Noticed TopsideChimera's ghost (novice HEAE)
 11896 | D:10     | Killed TopsideChimera's ghost
 11896 | D:10     | Reached skill level 11 in Axes
 13410 | D:10     | Noticed a four-headed hydra
 13473 | D:10     | HP: 3/97 [five-headed hydra (12)]
 13473 | D:10     | Slain by a five-headed hydra

Vault maps used:
D:1:      dpeg_arrival_signposts
D:2:      kennysheep_the_goblin_king, overflow_temple_1_default,
          amethyst_overflow_temple_binary, first_bread, uniq_natasha
D:3:      makhleb_altar_promises_db, elyvilon_altar_5,
          kennysheep_cluttered_room, tgw_xom
D:4:      marbit_many_paths, grunt_decor_mini_mirrors
D:5:      ashenzari_conservatory_becter, minitemple, item_on_display_a,
          uniq_eustachio, uniq_edmund
D:6:      lemuel_round_altar, kiku_gazebo_pond_becter, temple_green,
          serial_shops, shop, uniq_sigmund, uniq_pikel
D:7:      grunt_ogre_cave
D:8:      grunt_gozag_statues, serial_shops, shop
D:9:      nicolae_overflow_hidden_temple, orc_0_dummy, serial_shops,
          nicolae_shop_behind_doors
D:10:     lair_0_dummy, serial_undead, serial_undead_f, serial_undead_b,
          serial_undead_e, serial_undead_f, uniq_maurice

Skill      XL: |  1  2  3  4  5  6  7  8  9 10 11 |
---------------+----------------------------------+-----
Axes           | 3 4 5 7 8 10 11 | 11.2
Fighting       | 4 5 6 7 8 9 |  9.0
Armour         | 4 5 6 7 8 9 |  9.4
Dodging        | 1 2 3 4 5 6 7 |  7.0
Shields        | 4 5 7 8 9 |  9.0
Stealth        | 1 |  1.6

Action                   |  1- 3 |  4- 6 |  7- 9 | 10-12 || total
-------------------------+-------+-------+-------+-------++-------
Melee: War axe           |   124 |   196 |   470 |   611 ||  1401
Invok: Convert to Beogh  |       |       |       |     1 ||     1
  Use: Potion            |       |       |     7 |     8 ||    15
 Stab: Invisible         |       |       |       |     1 ||     1
  Eat: Bread ration      |     1 |     1 |     3 |     6 ||    11
       Meat ration       |       |       |     1 |     3 ||     4
       Pizza             |       |       |       |     2 ||     2
Armor: Scale mail        |    47 |    73 |   156 |   240 ||   516
       Skin              |       |       |     1 |    39 ||    40
Dodge: Dodged            |    28 |    71 |   158 |   209 ||   466
Block: Shield            |    71 |   109 |   229 |   348 ||   757
